Unix NetHack Version 5.0.0-0 post-release - last build May 17 2026 04:57:42 (dc50c8380fa5e20985bfe3072449f57b8d9895ef,branch:main).

Game began 2026-05-12 10:40:49, ended 2026-05-17 15:36:53.

A4Paper, chaotic female elven Wizard

                       ------                             ---.--------
                       |....|                             |..........|
                       |....|          -----              |..........|
                       |....|          |....##            |..........|
                      #.....|         #...<| #####       #...*.......|
                      #|.....##########|...|     ##      #|..........|
                     #)--.---      ####|...|      #     ##-.------|---
      -------        #   #         #  #---|-      #######  ########
      |/!)).|      ###   #         #  ##################     ##
      |?.%.%| ######     ##        #      ##           ###  # ###*###
      |!..[@| #           ##       #       #           # # ---|-    #
      |%..[f@h#            #       #       ##          # ##-..>|    ###*
      -------              [       #        #          #   |....####   #
                           #       #        #          #   |...|   # --)------
                       ----.--######    ----.------- ###   -----   ##|.).....|
                       |.....|#         |.....`....-##              )|.......|
                       |......#         |..........|                #..).....|
                       |.....|          |..........|                 |F[.....|
                       -------          ------------                 ---------

A4Paper the Conjurer      St:9 Dx:15 Co:15 In:18 Wi:11 Ch:9  Chaotic S:1270
Dlvl:2  $:436 HP:0(38) Pw:25(55) AC:5  Xp:5/191 T:3394 

Latest messages:
 Really save? [yn] (n)
 Saving...
 Restoring save file...
 Hello A4Paper, the elven Wizard, welcome back to NetHack!
 You see here 56 rocks.
 You see here 40 rocks.
 The gnome wields a thonged club!
 The gnome secures the tether on the thonged club.
 You miss the gnome.
 The gnome swings his thonged club.
 The gnome hits!
 You hit the gnome.
 You hit the gnome.
 The gnome escapes downstairs!
 "Hello, A4Paper!  Welcome again to Chicoutimi's general store!"
 Really save? [yn] (n)
 Saving...
 Restoring save file...
 Hello A4Paper, the elven Wizard, welcome back to NetHack!
 Be careful!  New moon tonight.
 You swap places with Bluey.
 You stop.  Bluey is in the way!
 "Hello, A4Paper!  Welcome again to Chicoutimi's general store!"
 You swap places with Bluey.
 You stop.  Bluey is in the way!
 "Hello, A4Paper!  Welcome again to Chicoutimi's general store!"
 The hobbit wields a curved sword!
 Bluey picks up an apple.
 The hobbit swings her curved sword.
 The hobbit hits!
 You hit the hobbit.
 The hobbit swings her curved sword.
 The hobbit hits!
 You hit the hobbit.
 The hobbit swings her curved sword.
 The hobbit misses!
 You hit the hobbit.
 The hobbit swings her curved sword.
 The hobbit hits!
 You feel strong!
 You must have been exercising diligently.
 You miss the hobbit.
 The hobbit swings her curved sword.
 The hobbit hits!
 You hit the hobbit.
 The hobbit swings her curved sword.
 The hobbit hits!
 You die...
 Chicoutimi gratefully inherits all your possessions.
 Do you want to see what you had when you died? [ynq] (y)

Inventory:
 Coins    ('$')
  $ - 436 gold pieces
 Weapons  (')')
  E - a +1 dagger (weapon in right hand)
  a - a blessed +1 quarterstaff
 Armor    ('[')
  z - a blessed +1 pair of elven boots (being worn)
  b - an uncursed +0 cloak of magic resistance (being worn)
  C - an uncursed +0 leather armor (being worn)
 Scrolls  ('?')
  j - an uncursed scroll of scare monster
 Spellbooks  ('+')
  m - an uncursed spellbook of detect monsters
  l - a blessed spellbook of force bolt
 Potions  ('!')
  g - an uncursed potion of booze
  f - an uncursed potion of confusion
  D - an uncursed potion of invisibility
  v - a blessed potion of oil
  h - an uncursed potion of water
 Rings    ('=')
  q - an uncursed ring of cold resistance
  d - an uncursed +2 ring of gain constitution
  e - an uncursed ring of polymorph control
 Wands    ('/')
  c - a wand of probing (0:4)
 Tools    ('(')
  o - an uncursed wooden harp
  n - a magic marker (0:22)
  t - an uncursed stethoscope
  y - an uncursed stethoscope

A4Paper the Wizard's attributes:

Background:
 You were a Conjurer, a level 5 female elven Wizard.
 You were chaotic, on a mission for Anhur
 who was opposed by Ptah (lawful) and Thoth (neutral).
 You were right-handed.
 You were in the Dungeons of Doom, on level 2.
 You entered the dungeon 3394 turns ago.
 There was a new moon in effect when your adventure ended.
 You had 191 experience points, 129 more were needed to attain level 6.
 Your score was 1270 before end-of-game adjustments.

Basics:
 You had 0 out of 38 hit points.
 You had 25 out of 55 energy points (spell power).
 Your armor class was 5.
 Your wallet contained 436 zorkmids.
 Autopickup was off.

Final Characteristics:
 Your strength was 9 (limit:18).
 Your dexterity was 15 (limit:18).
 Your constitution was 15 (limit:16).
 Your intelligence was 18 (limit:20).
 Your wisdom was 11 (limit:20).
 Your charisma was 9 (limit:18).

Final Status:
 You weren't hungry.
 You were unencumbered.
 You were wielding a dagger.
 You were unskilled in dagger and could have enhanced that.

Final Attributes:
 You were piously aligned.
 You were magic-protected.
 You were sleep resistant.
 You were telepathic.
 You had infravision.
 You were stealthy.
 You were warded.
 You are dead.

Miscellaneous:
 You didn't encounter any bones levels.
 Total elapsed playing time was 18 minutes and 5 seconds.

Major events:
 Turn
    1: A4Paper the chaotic female elven Wizard entered the dungeon
  690: attained the rank of Conjurer (level 3)
 3394: killed by a hobbit

Spells:
 Name                 Level Category     Fail Retention
 force bolt             1   attack         0%   81%-90%
 detect monsters        1   divination     0%  76%-100%

Skills:
 Fighting Skills
   bare handed combat [Unskilled]
   riding             [Unskilled]
 Weapon Skills
   dagger             [Unskilled]
   knife              [Unskilled]
   axe                [Unskilled]
   short sword        [Unskilled]
   club               [Unskilled]
   mace               [Unskilled]
   quarterstaff       [Basic]
   polearms           [Unskilled]
   spear              [Unskilled]
   trident            [Unskilled]
   sling              [Unskilled]
   dart               [Unskilled]
   shuriken           [Unskilled]
 Spellcasting Skills
   attack spells      [Basic]
   healing spells     [Unskilled]
   divination spells  [Unskilled]
   enchantment spells [Basic]
   clerical spells    [Unskilled]
   escape spells      [Unskilled]
   matter spells      [Unskilled]

Voluntary challenges:
 Character rerolling was not enabled.
 You never genocided any monsters.
 You never polymorphed an object.
 You never changed form.
 You used no wishes.
Achievements:
 You entered a shop.
 You attained the rank of Conjurer.

 The Dungeons of Doom: levels 1 to 2
    Level 1:
    Level 2: <- You were here.
       A general store, an altar to Anhur.
       Final resting place for
          you, killed by a hobbit.


Vanquished creatures:
  3 floating eyes
  a homunculus
  a kobold leader
  a wererat
  2 werejackals
  5 iguanas
 an acid blob
  a coyote
  a gas spore
  a hobbit
  a large kobold
  a hobgoblin
  4 giant rats
  a brown mold
  a yellow mold
  3 garter snakes
  4 geckos
  7 jackals
  2 foxes
  2 kobolds
  a goblin
  a sewer rat
  3 grid bugs
  2 bats
  4 lichens
  4 newts
58 creatures vanquished.

No species were genocided or became extinct.

Game over:
                       ----------
                      /          \
                     /    REST    \
                    /      IN      \
                   /     PEACE      \
                  /                  \
                  |     A4Paper      |
                  |      436 Au      |
                  |   killed by a    |
                  |      hobbit      |
                  |                  |
                  |                  |
                  |       2026       |
                 *|     *  *  *      | *
        _________)/\\_//(\/(/\)/\//\/|_)_______

Goodbye A4Paper the Wizard...

You died in The Dungeons of Doom on dungeon level 2 with 1227 points,
and 436 pieces of gold, after 3394 moves.
You were level 5 with a maximum of 38 hit points when you died.

